 Dungeon Crawl Stone Soup version 0.14.2 (webtiles) character file.

205891 Amnesiac the Fetichist (level 18, -8/93 (96) HPs)
             Began as a Spriggan Artificer on Feb 11, 2018.
             Was the Champion of Nemelex Xobeh.
             Shot with an arrow by a deep elf master archer (29 damage)
             ... on Level 3 of the Elven Halls.
             The game lasted 01:33:28 (22530 turns).

Amnesiac the Fetichist (Spriggan Artificer)        Turns: 22530, Time: 01:33:28

HP  -8/93 (96)   AC  7     Str 11      XL: 18   Next: 41%
MP   0/39        EV 29     Int 14      God: Nemelex Xobeh [******]
Gold 542         SH 18     Dex 12 (20) Spells:  3 memorised, 11 levels left

rFire  + . .     SeeInvis +     p - ornate deck of summonings {drawn: 5}
rCold  . . .     Clarity  .     e - +1 robe (curse)
rNeg   . . .     Conserve .     C - +2 buckler {rF+} (curse)
rPois  .         rCorr    .     q - +1 hat (curse)
rElec  .         rRot     .     I - +2 cloak {+Inv} (curse)
SustAb . .       Spirit   +     (gloves unavailable)
rMut   .         Warding  .     (boots unavailable)
Saprov . . .     Stasis   .     r - cursed amulet of guardian spirit
MR     ++++.                    g - cursed ring of wizardry
                                h - cursed ring of protection from magic {unknown}

@: liquid flames, sage [Slings, Dodging, Throwing, Hexes, Fighting], glowing,
very quick, incredibly resistant to hostile enchantments, fairly stealthy
A: unfitting armour, see invisible, herbivore 3, speed 3, slow metabolism 2,
spit poison 1
a: Spit Poison, Draw One, Peek at Two, Triple Draw, Deal Four, Stack Five,
Renounce Religion, Evoke Invisibility


You were on level 3 of the Elven Halls.
You worshipped Nemelex Xobeh.
Nemelex Xobeh was exalted by your worship.
You were not hungry.

You visited 4 branches of the dungeon, and saw 17 of its levels.

You collected 1689 gold pieces.
You spent 1147 gold pieces at shops.

Inventory:

Hand weapons
 a - a +4,+5 cutlass of speed
 b - a +5 blowgun
Missiles
 o - 3 needles of sleeping
 Q - 14 poisoned needles
Armour
 e - a cursed +1 robe (worn)
 q - a cursed +1 hat (worn)
 C - a cursed +2 buckler of fire resistance (worn)
 I - a cursed +2 cloak of darkness (worn)
Magical devices
 P - a wand of teleportation (5)
 R - a wand of digging (17)
Comestibles
 t - 4 bread rations
Scrolls
 s - a scroll of blinking {!r}
 u - a scroll of fog {!r}
 A - 3 scrolls of enchant armour {!r}
 G - 3 scrolls of remove curse {!r}
 H - a scroll of teleportation {!r}
 U - a scroll of summoning {!r}
Jewellery
 g - a cursed ring of wizardry (right hand)
 h - a cursed ring of protection from magic (left hand) {unknown}
 r - a cursed amulet of guardian spirit (around neck)
 B - a cursed +5 ring of intelligence
Potions
 c - a potion of might {!q}
 f - a potion of porridge {!q}
 i - 3 potions of haste {!q}
 k - 3 potions of heal wounds {!q}
 n - a potion of resistance {!q}
 v - 4 potions of curing {!q}
 w - 3 potions of flight {!q}
 x - a potion of mutation {!q}
 z - a potion of magic {!q}
Books
 K - the Guide on Quantum Summoning
   (You found it on level 3 of the Elven Halls)

   Spells                             Type                      Level
   Summon Butterflies                 Summoning                    1
   Summon Small Mammal                Summoning                    1
   Call Imp                           Summoning                    2
   Recall                             Summoning/Translocation      3
   Summon Guardian Golem              Hexes/Summoning              4
   Summon Forest                      Summoning/Translocation      5
Miscellaneous
 d - a legendary deck of summonings {drawn: 1}
 j - a legendary deck of summonings {drawn: 1}
 l - a legendary deck of escape {drawn: 1}
 m - a legendary deck of summonings {drawn: 1}
 p - an ornate deck of summonings {drawn: 5} (in hand)
 D - an ornate deck of escape {drawn: 2}
 E - a legendary deck of summonings {drawn: 1}
 F - a legendary deck of escape {drawn: 2}
 J - a legendary deck of destruction {drawn: 3}
 L - a legendary deck of destruction {drawn: 5}
 M - a legendary deck of destruction {drawn: 2}
 N - an ornate deck of destruction {drawn: 1}
 O - a legendary deck of summonings {drawn: 1}
 S - a legendary deck of summonings {drawn: 1}


   Skills:
 - Level 11.0 Fighting
 - Level 14.0 Short Blades
   Level 4.8 Slings
 - Level 8.8 Throwing
 + Level 18.9 Dodging
 - Level 10.0 Stealth
 - Level 9.0 Shields
   Level 3.3 Hexes
   Level 0.8 Ice Magic
 - Level 19.0 Evocations


You had 11 spell levels left.
You knew the following spells:

 Your Spells              Type           Power        Failure   Level  Hunger
a - Stoneskin             Trmt/Erth      #.........   19%         2    ###....
b - Sublimation of Blood  Necr           #.........   19%         2    ###....
c - Corpse Rot            Necr           N/A          19%         2    ###....


Dungeon Overview and Level Annotations

Branches:
Dungeon (9/15)             Temple (1/1) D:5             Orc (4/4) D:9
    Elf (3/3) Orc:3          Lair (0/8) D:9

Altars:
Cheibriados
Dithmenos
Fedhas
Makhleb
Nemelex Xobeh
Okawaru
Trog
Vehumet
Xom
Yredelemnul
The Shining One
Beogh

Shops:
D:5 }   D:9 }*[[   Orc:4 :[}}%   Elf:2 (

Portals:
Trove: D:9 (give +4 storm dragon armour)


Innate Abilities, Weirdness & Mutations

You are tiny and cannot use many weapons and most armour.
You have supernaturally acute eyesight.
You are a herbivore.
You cover ground extremely quickly.
You need consume almost no food.
You can spit poison.


Message History

The deep elf demonologist hits you with a short sword!
The deep elf demonologist mumbles some strange words.
The deep elf high priest hits you with a long sword!
A deep elf annihilator comes into view. It is wielding a runed long sword.
You draw a card...
It is Repulsiveness.
Nemelex Xobeh grants you a gift! Something appears at your feet!
You are covered in liquid flames!
The blue devil disappears in a puff of smoke!
The deep elf sorcerer mumbles some strange words.
Send 'em back where they came from!
Your glowing long sword disappears in a puff of smoke!
Your red very ugly thing shudders.
The balrug hits you with a runed demon whip!
You are engulfed in flames!
You resist.
The deep elf sorcerer hits you with a runed dagger.
The deep elf demonologist completely misses you.
A deep elf mage comes into view. It is wielding a long sword.
What do you say? t - Shout!
Orders for allies: a - Attack new target. r - Retreat! s - Stop attacking. w - Wait here. f - Follow me.
Anything else - Stay silent.
Okay, then.
Use which ability? (? or * to list) Draw from which deck? (? for menu, Esc to quit)
You draw a card...
It is the Warp.
You blink.
A deep elf demonologist comes into view.
It is wielding a long sword.
You are covered in liquid flames!
You feel uncertain.
The deep elf demonologist shouts!
The iron devil screeches!
The neqoxec shouts!
The deep elf high priest mumbles some strange prayers to its god.
Send 'em back where they came from!
Your red very ugly thing shudders.
The balrug gestures at you. The sticky flame hits you! You resist.
You are covered in liquid flames!
One of your 4 scrolls of remove curse {!r} catches fire!
The deep elf demonologist picks up a fluorescent wand.
The deep elf master archer wields a longbow.
The deep elf master archer shoots an arrow.
The arrow hits you!
* * * LOW HITPOINT WARNING * * *
You block the red devil's attack.
Use which ability? (? or * to list) Draw from which deck? (? for menu, Esc to quit)
You draw a card...
It is Damnation.
The deep elf demonologist is devoured by a tear in reality. x2
The deep elf blademaster is devoured by a tear in reality.
The red devil is devoured by a tear in reality.
You are covered in liquid flames!
* * * LOW HITPOINT WARNING * * *
The deep elf sorcerer gestures wildly while chanting.
Send 'em back where they came from!
Your red very ugly thing shudders.
The tarantella misses you. The balrug gestures at you. Something smites you!
* * * LOW HITPOINT WARNING * * *
The deep elf master archer shoots an arrow.
The arrow hits you!
You die...
Your body glows with a rainbow of weird colours and disappears.

#...........
#..§?§......
#...§.e.....
#.u.§§.§.....
#.e§..§§.....
##.2...⌠.....
#..eee.§e..#
#..ses§§.4..#
#..e@ee343...
+###..e.§§...
#...§§...
##.......
#...... ##...
##


You could see a balrug, a deep elf master archer, 4 deep elf sorcerers, a
demonic crawler, 2 deep elf demonologists, a deep elf summoner, 2 deep elf high
priests, an iron devil, a blue devil, a neqoxec, a chaos spawn, a tarantella and
a friendly red very ugly thing.

Vanquished Creatures
  Norris (Elf:2)
  Donald (Orc:3)
  Louise (Elf:2)
  Gastronok (Orc:3)
  A deep elf demonologist (Elf:3)
  A deep elf annihilator (Elf:2)
  The ghost of Amnesiac the Fetichist, a powerful SpAr of Nemelex Xobeh (Orc:4)
  3 ogre magi (Orc:4)
  Nessos (Elf:2)
  An iron troll (Orc:3)
  6 deep elf knights
  8 deep elf conjurers
  9 deep elf summoners
  3 orc knights
  Pikel (D:9)
  A harpy (shapeshifter) (Elf:3)
  A cyclops (Orc:2)
  An orc sorcerer (Orc:4)
  Maurice (Orc:2)
  A deep elf priest (Elf:1)
  A komodo dragon (D:9)
  2 trolls
  10 two-headed ogres (Orc:4)
  A redback (Elf:1)
  A tarantella (Elf:1)
  A trapdoor spider (shapeshifter) (Elf:2)
  A human (D:7)
  19 deep elf magi
  A wyvern (D:8)
  3 hogs
  4 yaks
  Eustachio (D:4)
  18 deep elf fighters
  Grum (Orc:4)
  4 wolves (Orc:4)
  A steam dragon (D:8)
  Edmund (Orc:1)
  Menkaure (D:7)
  3 hippogriffs
  3 wargs
  A soldier ant (D:9)
  A necrophage (D:8)
  20 orc warriors
  2 sky beasts
  A slave (D:9)
  2 black bears
  4 ice beasts
  The ghost of Amnesiac the Ducker, an average SpGl (D:3)
  24 ogres
  3 phantoms
  Sigmund (D:3)
  3 centaurs
  A gnoll sergeant (D:6)
  Blork the orc (D:9)
  4 giant frogs
  5 scorpions
  7 killer bees
  A troll skeleton (D:8)
  A goliath beetle (D:7)
  4 wights (D:9)
  A crimson imp (D:5)
  5 hounds
  A quasit (D:9)
  A centaur skeleton (D:5)
  26 orc priests
  A giant frog skeleton (D:8)
  An iguana (D:7)
  2 jellies (D:9)
  An orange rat (Elf:1)
  18 orc wizards
  Natasha (thrice) (D:3)
  10 worker ants
  A sheep (D:7)
  A big kobold skeleton (D:8)
  A hound zombie (D:8)
  A hound skeleton (D:6)
  A worker ant zombie (D:6)
  11 gnolls
  7 adders
  A giant mite (D:8)
  An inept feature mimic (D:5)
  4 worms
  2 shadow imps (D:8)
  2 adder skeletons
  2 orc zombies
  A giant eyeball (D:7)
  7 giant geckos
  An ooze (D:2)
  175 orcs
  2 ball pythons (D:2)
  15 bats
  32 goblins
  12 hobgoblins
  4 jackals (D:5)
  2 quokkas
  4 giant cockroaches
  A giant newt (D:2)
  A hobgoblin skeleton (D:7)
  A jackal skeleton (D:3)
  13 kobolds
  A kobold skeleton (D:7)
  3 orc skeletons
  17 rats
605 creatures vanquished.

Vanquished Creatures (collateral kills)
  An ogre mage (Orc:4)
  A deep elf summoner (Elf:3)
  A troll (Orc:4)
  6 two-headed ogres (Orc:4)
  An ugly thing (D:9)
  2 slaves (D:9)
  2 yellow wasps (D:9)
  A centaur (D:7)
  A big kobold (D:9)
  An orc priest (Orc:4)
  An orange rat (D:9)
  2 orc wizards
  2 gnolls (D:6)
  An adder (D:7)
  2 orcs
  A goblin (D:3)
  A giant gecko skeleton (D:4)
27 creatures vanquished.

Vanquished Creatures (others)
  A deep elf blademaster (Elf:3)
  2 deep elf demonologists (Elf:3)
  A deep elf conjurer (Elf:2)
  A deep elf priest (Elf:2)
  A red devil (Elf:3)
  A basilisk (D:9)
  A hippogriff (D:9)
  A slave (D:9)
  2 white imps (D:6)
  An ufetubus (D:6)
  An orc (Orc:2)
  A quokka skeleton (D:6)
  A plant (D:9)
15 creatures vanquished.

Grand Total: 647 creatures vanquished

Notes
Turn   | Place    | Note
--------------------------------------------------------------
     0 | D:1      | Amnesiac, the Spriggan Artificer, began the quest for the Orb.
     0 | D:1      | Reached XP level 1. HP: 9/9 MP: 2/2
    61 | D:2      | Reached skill level 1 in Fighting
   221 | D:2      | Reached XP level 2. HP: 11/14 MP: 5/5
   553 | D:3      | Found a radiant altar of Vehumet.
   615 | D:5      | Entered Level 5 of the Dungeon
   967 | D:4      | Reached XP level 3. HP: 2/18 MP: 8/8
  1271 | D:5      | Noticed an ogre
  1305 | D:5      | Reached skill level 5 in Evocations
  1305 | D:5      | Reached XP level 4. HP: 14/22 MP: 11/11
  1424 | D:4      | Noticed Eustachio
  1444 | D:4      | Killed Eustachio
  1444 | D:4      | Reached skill level 5 in Dodging
  1444 | D:4      | Reached skill level 7 in Evocations
  1444 | D:4      | Reached XP level 5. HP: 21/25 MP: 13/15
  1763 | D:4      | Reached XP level 6. HP: 30/30 MP: 18/18
  2051 | D:3      | Noticed Amnesiac's ghost (average SpGl)
  2164 | D:4      | Found a shadowy altar of Dithmenos.
  2228 | D:4      | Noticed a scorpion
  2250 | D:4      | Killed a scorpion
  2523 | D:5      | Found a staircase to the Ecumenical Temple.
  2551 | Temple   | Entered the Ecumenical Temple
  2556 | Temple   | Became a worshipper of Nemelex Xobeh the Trickster
  2712 | D:1      | Received a gift from Nemelex Xobeh
  3426 | D:2      | Reached skill level 13 in Evocations
  3426 | D:2      | Reached XP level 7. HP: 33/42 MP: 19/24
  3673 | D:2      | Acquired Nemelex Xobeh's first power
  4186 | D:3      | Killed Amnesiac's ghost
  4186 | D:3      | Reached skill level 14 in Evocations
  4290 | D:3      | Received a gift from Nemelex Xobeh
  4373 | D:3      | Noticed Sigmund
  4404 | D:3      | Killed Sigmund
  4404 | D:3      | Reached XP level 8. HP: 46/46 MP: 26/26
  4432 | D:3      | Noticed Natasha
  4433 | D:3      | Noticed a giant frog
  4445 | D:3      | Killed Natasha
  4448 | D:3      | Killed a giant frog
  4591 | D:3      | Acquired Nemelex Xobeh's second power
  4593 | D:3      | Received a gift from Nemelex Xobeh
  4631 | D:3      | Noticed Natasha
  4644 | D:3      | Killed Natasha
  4807 | D:3      | Noticed Natasha
  4811 | D:3      | Killed Natasha
  5559 | D:5      | Killed an ogre
  5767 | D:5      | Acquired Nemelex Xobeh's third power
  5879 | D:5      | Found Lum Urph's Gadget Shop.
  5888 | D:5      | Bought a plain deck of dungeons for 168 gold pieces
  6208 | D:5      | Noticed a phantom
  6214 | D:5      | Killed a phantom
  6254 | D:4      | Received a gift from Nemelex Xobeh
  6264 | D:4      | Paralysed by a potion of paralysis for 6 turns
  6276 | D:4      | Received a gift from Nemelex Xobeh
  6281 | D:4      | Acquired Nemelex Xobeh's fourth power
  6289 | D:4      | Received a gift from Nemelex Xobeh
  6298 | D:4      | Received a gift from Nemelex Xobeh
  6311 | D:4      | Received a gift from Nemelex Xobeh
  6326 | D:4      | Acquired Nemelex Xobeh's fifth power
  6326 | D:4      | Received a gift from Nemelex Xobeh
  6341 | D:4      | Received a gift from Nemelex Xobeh
  6343 | D:4      | Reached skill level 10 in Short Blades
  6343 | D:4      | Reached skill level 10 in Stealth
  6343 | D:4      | Reached XP level 9. HP: 46/51 MP: 28/28
  6363 | D:4      | Received a gift from Nemelex Xobeh
  6399 | D:4      | Received a gift from Nemelex Xobeh
  6551 | D:6      | Noticed a giant frog
  6554 | D:6      | Killed a giant frog
  6565 | D:6      | Noticed a scorpion
  6624 | D:6      | Killed a scorpion
  6792 | D:6      | Received a gift from Nemelex Xobeh
  6820 | D:6      | Noticed a gnoll sergeant
  7034 | D:6      | Killed a gnoll sergeant
  7038 | D:6      | Received a gift from Nemelex Xobeh
  7176 | D:6      | Received a gift from Nemelex Xobeh
  7273 | D:6      | Noticed a giant frog
  7283 | D:6      | Killed a giant frog
  7411 | D:6      | Reached skill level 1 in Hexes
  7851 | D:7      | Noticed Menkaure
  7859 | D:7      | Killed Menkaure
  8119 | D:7      | Received a gift from Nemelex Xobeh
  8212 | D:7      | Found a blossoming altar of Fedhas.
  8294 | D:7      | Reached skill level 1 in Throwing
  8359 | D:7      | Reached XP level 10. HP: 56/56 MP: 29/29
  8888 | D:8      | Received a gift from Nemelex Xobeh
  9289 | D:8      | Received a gift from Nemelex Xobeh
  9632 | D:8      | Reached skill level 5 in Throwing
 10222 | D:9      | Found a staircase to the Orcish Mines.
 10453 | D:9      | Found a roughly hewn altar of Beogh.
 10453 | D:9      | Noticed Blork the orc
 10483 | D:9      | Found Vadd's General Store.
 10538 | D:9      | Received a gift from Nemelex Xobeh
 10706 | D:9      | Noticed Pikel
 10827 | D:9      | Killed Pikel
 10827 | D:9      | Reached XP level 11. HP: 37/60 MP: 25/30
 11019 | D:9      | Found a shimmering altar of Xom.
 11048 | D:9      | Found a staircase to the Lair.
 11269 | D:9      | Learned a level 2 spell: Stoneskin
 11281 | D:9      | Found Klugagar's Armour Emporium.
 11291 | D:9      | Bought a +0 buckler for 49 gold pieces
 11361 | D:9      | Found Neodagi's Antique Armour Shoppe.
 11370 | D:9      | Bought a runed cloak for 99 gold pieces
 11553 | D:9      | Received a gift from Nemelex Xobeh
 11698 | D:9      | Killed Blork the orc
 11724 | D:9      | Found Pekoemot's Gadget Boutique.
 11735 | D:9      | Bought a plain deck of changes for 168 gold pieces
 11794 | Orc:1    | Entered Level 1 of the Orcish Mines
 11805 | Orc:1    | Reached skill level 1 in Shields
 12186 | Orc:1    | Received a gift from Nemelex Xobeh
 12244 | Orc:1    | Noticed Edmund
 12263 | Orc:1    | Killed Edmund
 12622 | Orc:2    | Received a gift from Nemelex Xobeh
 12694 | Orc:2    | Noticed Maurice
 12784 | Orc:2    | Killed Maurice
 12834 | Orc:2    | Learned a level 2 spell: Sublimation of Blood
 12837 | Orc:2    | Learned a level 2 spell: Corpse Rot
 13220 | Orc:2    | Received a gift from Nemelex Xobeh
 13851 | Orc:2    | Received a gift from Nemelex Xobeh
 13880 | Orc:3    | Found a staircase to the Elven Halls.
 14233 | Orc:3    | Received a gift from Nemelex Xobeh
 14450 | Orc:3    | Noticed Donald
 14476 | Orc:3    | Killed Donald
 14476 | Orc:3    | Reached skill level 5 in Shields
 14487 | Orc:3    | Noticed an iron troll
 14530 | Orc:3    | Reached XP level 12. HP: 26/67 MP: 11/31
 14537 | Orc:3    | Received a gift from Nemelex Xobeh
 14538 | Orc:3    | Killed an iron troll
 15011 | Orc:4    | Entered Level 4 of the Orcish Mines
 15031 | Orc:4    | Noticed Amnesiac's ghost (powerful SpAr)
 15035 | Orc:4    | Received a gift from Nemelex Xobeh
 15037 | Orc:4    | Killed Amnesiac's ghost
 15139 | Orc:4    | Reached skill level 10 in Fighting
 15174 | Orc:4    | Noticed Grum
 15272 | Orc:4    | Found Areudiwnu's Book Shop.
 15357 | Orc:4    | Killed Grum
 15438 | Orc:4    | Received a gift from Nemelex Xobeh
 15510 | Orc:4    | Noticed an ogre mage
 15550 | Orc:4    | Shuffle card: Str 11[11], Int 17[17], Dex 14[14]
 15554 | Orc:4    | Killed an ogre mage
 15693 | Orc:4    | Received a gift from Nemelex Xobeh
 15717 | Orc:4    | Noticed an ogre mage
 15829 | Orc:4    | Killed an ogre mage
 15829 | Orc:4    | Reached XP level 13. HP: 58/72 MP: 30/32
 16102 | Orc:4    | Noticed Gastronok
 16591 | Orc:4    | Noticed an ogre mage
 16593 | Orc:4    | Received a gift from Nemelex Xobeh
 16671 | Orc:4    | Killed an ogre mage
 17053 | Orc:4    | Found Frywkoaz's Gadget Shop.
 17054 | Orc:4    | Found Qets' Food Shoppe.
 17054 | Orc:4    | Found Raliag's Armour Emporium.
 17054 | Orc:4    | Found Fruguyx's Gadget Shop.
 17103 | Orc:4    | Bought a wand of teleportation (5) for 351 gold pieces
 17178 | Orc:4    | Noticed an ogre mage
 17194 | Orc:4    | Killed an ogre mage
 17207 | Orc:4    | Received a gift from Nemelex Xobeh
 17989 | Orc:4    | Received a gift from Nemelex Xobeh
 18230 | Orc:3    | Killed Gastronok
 18337 | D:9      | Bought a legendary deck of changes for 312 gold pieces
 18500 | D:9      | Gained mutation: You have large cloven feet. [helix card]
 18681 | D:9      | Shuffle card: Str 14[14], Int 11[11], Dex 17[17]
 18683 | D:9      | Reached XP level 14. HP: 77/77 MP: 33/33
 18684 | D:9      | Received a gift from Nemelex Xobeh
 18686 | D:9      | Lost mutation: You have large cloven feet. [helix card]
 18686 | D:9      | Gained mutation: You have large cloven feet. [helix card]
 18687 | D:9      | Shuffle card: Str 11[11], Int 14[19], Dex 17[17]
 18872 | D:9      | Received a gift from Nemelex Xobeh
 18886 | D:9      | Lost mutation: You have large cloven feet. [helix card]
 18886 | D:9      | Gained mutation: You are frail (-10% HP). [helix card]
 18887 | D:9      | Gained mutation: You are dopey. (Int -2) [helix card]
 18895 | D:9      | Reached skill level 16 in Evocations
 18895 | D:9      | Reached XP level 15. HP: 72/72 MP: 33/36
 18927 | D:9      | Received a gift from Nemelex Xobeh
 18933 | D:9      | Reached skill level 19 in Evocations
 18933 | D:9      | Reached XP level 16. HP: 76/76 MP: 37/37
 18969 | D:9      | Received a gift from Nemelex Xobeh
 18976 | D:9      | Lost mutation: You are frail (-10% HP). [helix card]
 19059 | Elf:1    | Entered Level 1 of the Elven Halls
 19069 | Elf:1    | Reached skill level 1 in Slings
 19071 | Elf:1    | Received a gift from Nemelex Xobeh
 19301 | Orc:3    | Received a gift from Nemelex Xobeh
 19587 | Orc:3    | Reached skill level 15 in Dodging
 19587 | Orc:3    | Reached XP level 17. HP: 72/89 MP: 38/38
 19587 | Orc:3    | Received a gift from Nemelex Xobeh
 19590 | Orc:3    | Lost mutation: You are dopey. (Int -2) [helix card]
 19590 | Orc:3    | Gained mutation: You are partially covered in icy blue scales (AC +1). [helix card]
 19591 | Orc:3    | Reached XP level 18. HP: 76/93 MP: 39/39
 19595 | Orc:3    | Received a gift from Nemelex Xobeh
 19598 | Orc:3    | Lost mutation: You are partially covered in icy blue scales (AC +1). [helix card]
 19598 | Orc:3    | Gained mutation: You can spit poison. [helix card]
 20008 | Elf:1    | Received a gift from Nemelex Xobeh
 20793 | Elf:2    | Found Roapnya's Weapon Boutique.
 20830 | Elf:2    | Noticed Nessos
 20867 | Elf:2    | Killed Nessos
 21040 | Elf:2    | Noticed Louise
 21065 | Elf:2    | Killed Louise
 21461 | Elf:2    | Noticed Norris
 21466 | Elf:2    | Killed Norris
 21466 | Elf:2    | Received a gift from Nemelex Xobeh
 21681 | Elf:3    | Entered Level 3 of the Elven Halls
 21933 | Elf:3    | Identified the Guide on Quantum Summoning (You found it on level 3 of the Elven Halls)
 21962 | Elf:3    | Received a gift from Nemelex Xobeh
 22119 | Elf:3    | Received a gift from Nemelex Xobeh
 22243 | Elf:3    | Received a gift from Nemelex Xobeh
 22480 | Elf:3    | Received a gift from Nemelex Xobeh
 22515 | Elf:3    | Received a gift from Nemelex Xobeh
 22528 | Elf:3    | Received a gift from Nemelex Xobeh
 22530 | Elf:3    | Shot with an arrow by a deep elf master archer

Action                   |  1- 3 |  4- 6 |  7- 9 | 10-12 | 13-15 | 16-18 || total
-------------------------+-------+-------+-------+-------+-------+-------++-------
Melee: Short sword       |    71 |       |       |       |       |       ||    71
       Cutlass           |       |   164 |   428 |  1222 |   401 |   250 ||  2465
       Unarmed           |       |     1 |       |       |       |       ||     1
       Bastard sword     |       |       |       |       |     3 |       ||     3
 Fire: Blowgun           |     4 |    15 |    37 |    79 |    72 |       ||   207
Invok: Draw One          |       |       |     1 |    24 |     1 |     9 ||    35
 Abil: End Transformatio |       |       |     1 |       |       |     1 ||     2
       Evoke Invisibilit |       |       |       |    17 |     3 |     8 ||    28
       Turn Visible      |       |       |       |    12 |     2 |     4 ||    18
Evoke: Wand              |     2 |    11 |    11 |     1 |       |     1 ||    26
       Deck              |       |     1 |   139 |     9 |    40 |    98 ||   287
  Use: Scroll            |     1 |    10 |     9 |     3 |       |     8 ||    31
       Potion            |       |     7 |       |       |       |     1 ||     8
 Stab: Sleeping          |     1 |     1 |    17 |    71 |     1 |    10 ||   101
       Distracted        |       |     1 |     1 |     3 |     2 |     1 ||     8
       Betrayed ally     |       |       |     1 |       |       |       ||     1
       Invisible         |       |       |       |    49 |    17 |    25 ||    91
